 Dungeon Crawl Stone Soup version 0.21.1-1-g345015fe64 (webtiles) character file.

599 crazyass the Stinger (level 7, -3/52 HPs)
             Began as a Green Draconian Venom Mage on June 5, 2018.
             Killed from afar by an electric eel (10 damage)
             ... with a bolt of electricity
             ... on level 4 of the Dungeon.
             The game lasted 00:30:33 (5958 turns).

crazyass the Stinger (Green Draconian Venom Mage)   Turns: 5958, Time: 00:30:34

Health: -3/52      AC:  6    Str: 10    XL:     7   Next: 17%
Magic:  12/12      EV: 12    Int: 18    God:
Gold:   211        SH:  0    Dex: 16    Spells: 7/13 levels left

rFire    . . .     SeeInvis .   t - +1 hand axe (flame)
rCold    . . .     Gourm    +   (no shield)
rNeg     . . .     Faith    .   (armour unavailable)
rPois    +         Spirit   .   (helmet restricted)
rElec    .         Reflect  .   (no cloak)
rCorr    .         Harm     .   (no gloves)
MR       .....                  (no boots)
Stlth    ++........             q - amulet of the gourmand
HPRegen  0.17/turn              p - +5 ring of dexterity
MPRegen  0.13/turn              (no ring)

@: no status effects
A: breathe noxious fumes, unfitting armour, poison resistance, cold-blooded, AC
+6
a: Breathe Noxious Fumes


You were on level 4 of the Dungeon.
You were completely stuffed.

You visited 1 branch of the dungeon, and saw 4 of its levels.

You collected 211 gold pieces.

Inventory:

Hand Weapons
 c - a +2 dagger of draining
 t - a +1 hand axe of flaming (weapon)
Missiles
 s - 3 tomahawks (quivered)
Jewellery
 p - a +5 ring of dexterity (left hand)
 q - an amulet of the gourmand (around neck)
Wands
 w - a wand of flame (30)
Scrolls
 d - 2 scrolls of identify
 e - a scroll of enchant weapon {unknown}
 h - 2 scrolls of teleportation {unknown}
 i - a scroll of enchant armour {unknown}
 j - 3 scrolls of remove curse {unknown}
 m - 2 scrolls of fear {unknown}
 v - a scroll of immolation {unknown}
Potions
 f - a potion of curing
 g - a potion of agility {unknown}
 k - 2 potions of lignification {unknown}
 l - a potion of invisibility {unknown}
 n - a potion of ambrosia {unknown}
 o - 3 potions of might {unknown}
 u - a potion of berserk rage {unknown}
Books
 a - a Young Poisoner's Handbook

   Spells                             Type                      Level
   a - Sting                          Conjuration/Poison           1
   b - Poisonous Vapours              Poison/Air                   2
   c - Mephitic Cloud                 Conjuration/Poison/Air       3
   d - Olgreb's Toxic Radiance        Poison                       4
   e - Venom Bolt                     Conjuration/Poison           5
 r - Jessica's Volume of Sinister Arts
   (You found it on level 2 of the Dungeon)

   Spells                             Type                      Level
   a - Animate Skeleton               Necromancy                   1
   b - Pain                           Necromancy                   1
Comestibles
 b - 6 rations


   Skills:
 + Level 1.0 Fighting
 + Level 1.4 Short Blades
 + Level 1.2 Axes
 - Level 1.7 Dodging
 * Level 3.3 Stealth
 + Level 0.4 Unarmed Combat
 + Level 3.7 Spellcasting
 + Level 2.0 Conjurations
 + Level 2.1 Air Magic
 * Level 6.4 Poison Magic


You had 7 spell levels left.
You knew the following spells:

 Your Spells              Type           Power        Failure   Level  Hunger
a - Sting                 Conj/Pois      ###.         2%          1    None
b - Poisonous Vapours     Pois/Air       ###...       4%          2    ##.....
c - Mephitic Cloud        Conj/Pois/Air  ###.....     11%         3    ###....


Dungeon Overview and Level Annotations

Branches:
Dungeon (4/15)
 Temple: D:4-7

Altars:
Elyvilon

Annotations:
D:4 1 transporter


Innate Abilities, Weirdness & Mutations

You can breathe blasts of noxious fumes.
Your lurid green scales are hard. (AC +6)
You cannot fit into any form of body armour.
Your system is resistant to poisons. (rPois)
You are cold-blooded and may be slowed by cold attacks.


Message History

The electric eel shoots out a bolt of lightning at you!
The bolt of electricity misses you.
As you read the scroll labeled OFEUTEHIFI, it crumbles to dust.
It is a scroll of identify.
f - 3 potions of curing You feel better.
The electric eel shoots out a bolt of lightning at you!
The bolt of electricity hits you!
* * * LOW HITPOINT WARNING * * *
The electric eel shoots out a bolt of lightning at you!
The bolt of electricity misses you.
You feel better.
The electric eel shoots out a bolt of lightning at you!
The bolt of electricity hits you!
* * * LOW HITPOINT WARNING * * *
The electric eel shoots out a bolt of lightning at you!
The bolt of electricity misses you.
The electric eel shoots out a bolt of lightning at you!
The bolt of electricity hits you!
You die...

#. #......... # #. #.........
#.#. #.........
#...#################'####...
# #...................#
#.#.###############.#.#
#.#.#8P#≈≈≈≈≈≈≈#P8#.#.#
#...#..#.......#..#...#
#..©#©.'...♣.@.+$©#©..#
#...#..#.......#..#...#
#...#8P#≈≈;;≈≈≈#P8#...#
##..###############..##
#...................######
#.............[##........#
##############.##...(....####
#..#............ #
#............


You could see 2 electric eels.

Vanquished Creatures
  An ogre (D:3)
  A phantom (D:4)
  A scorpion (D:4)
  A howler monkey (D:4)
  An orc priest (D:3)
  A hound (D:4)
  Jessica (D:1)
  Terence (D:3)
  An orc wizard (D:3)
  A worker ant (D:4)
  2 howler monkey skeletons (D:4)
  3 adders
  3 gnolls (D:2)
  An ooze (D:2)
  3 worms
  A dart slug (D:2)
  3 leopard geckos
  4 orcs
  6 bats
  4 giant cockroaches
  14 hobgoblins
  3 jackals (D:3)
  2 quokkas
  7 frilled lizards
  7 goblins
  11 kobolds
  5 rats
89 creatures vanquished.

Notes
Turn   | Place    | Note
-------+----------+-------------------------------------------
     0 | D:1      | crazyass the Draconian Venom Mage began the quest for the Orb.
     0 | D:1      | Reached XP level 1. HP: 14/14 MP: 3/3
   424 | D:1      | Reached XP level 2. HP: 20/20 MP: 3/5
  1564 | D:2      | Reached XP level 3. HP: 21/26 MP: 3/6
  1803 | D:2      | Learned a level 2 spell: Poisonous Vapours
  2013 | D:2      | Noticed Jessica
  2026 | D:1      | Killed Jessica
  2026 | D:1      | Reached XP level 4. HP: 27/33 MP: 5/7
  2189 | D:2      | Identified Jessica's Volume of Sinister Arts
  2770 | D:2      | Reached skill level 1 in Short Blades
  2775 | D:2      | Reached skill level 4 in Poison Magic
  3341 | D:3      | Learned a level 3 spell: Mephitic Cloud
  3351 | D:3      | Reached XP level 5. HP: 37/39 MP: 3/9
  3371 | D:3      | Noticed Terence
  3390 | D:3      | Killed Terence
  3658 | D:3      | Found a white marble altar of Elyvilon.
  4559 | D:4      | Reached skill level 1 in Air Magic
  4559 | D:4      | Reached XP level 6. HP: 46/46 MP: 6/10
  5095 | D:3      | Reached skill level 5 in Poison Magic
  5343 | D:4      | Reached skill level 1 in Axes
  5581 | D:4      | Found a transporter.
  5613 | D:4      | Reached skill level 1 in Fighting
  5613 | D:4      | Your scales start taking on a lurid green colour.
  5613 | D:4      | Reached skill level 6 in Poison Magic
  5613 | D:4      | Reached XP level 7. HP: 8/52 MP: 12/12
  5613 | D:4      | Gained mutation: Your system is resistant to poisons. (rPois) [Green Draconian growth]
  5931 | D:4      | Found a transporter.
  5952 | D:4      | HP: 1/52 [electric eel/bolt of electricity (11)]
  5958 | D:4      | Killed from afar by an electric eel

Skill      XL: |  1  2  3  4  5  6 |
---------------+-------------------+-----
Stealth        | 2 3 |  3.3
Short Blades   | 1 |  1.4
Poison Magic   | 4 6 |  6.4
Spellcasting   | 3 |  3.7
Air Magic      | 1 2 |  2.1
Conjurations   | 2 |  2.0
Axes           | 1 |  1.2
Fighting       | 1 |  1.0
Dodging        | |  1.7
Unarmed Combat | |  0.4

Action                   |  1- 3 |  4- 6 |  7- 9 || total
-------------------------+-------+-------+-------++-------
Melee: Unarmed           |    22 |       |       ||    22
       Dagger            |    37 |    33 |       ||    70
       Tailslap          |     3 |     6 |       ||     9
       Hand axe          |       |    60 |     7 ||    67
 Cast: Sting             |    49 |    32 |     2 ||    83
       Poisonous Vapours |     2 |    35 |     2 ||    39
       Mephitic Cloud    |       |     1 |       ||     1
  Use: Potion            |       |       |     2 ||     2
       Scroll            |       |       |     1 ||     1
  Eat: Chunk             |     4 |    27 |     2 ||    33
Armor: Skin              |    15 |    25 |     5 ||    45
Dodge: Dodged            |    43 |    42 |     5 ||    90
